Map: Blackburn LE

Players

SortOf

  • Race: Zerg Zerg

Spirit (souL) - Winner!

  • Race: Terran Terran

Event: DreamHack SC2 Masters 2021 Winter

VOD

Have the link to the VOD?

Description

Time

  • Played on: Sept. 29, 2021, 2:02 p.m.
  • Length: 11:04

All games in this series

Show
View Real Time Build Order
Export as new Build Order

SortOf Zerg 

Build Orders: Hatch First 

Get SALT Encoding   

  12  0:00  Drone  
  13  0:12  Overlord  
  13  0:17  Drone  
  14  0:31  Drone x2  
  16  0:49  Hatchery  
  15  0:52  Drone  
  15  0:56  Drone  
  17  0:58  Drone  
  18  1:11  Extractor  
  17  1:14  Spawning Pool  
  17  1:17  Drone  
  17  1:20  Drone  
  18  1:27  Drone  
  19  1:39  Drone  
  20  1:50  Drone  
  21  2:00  Queen x2  
  25  2:01  Zergling x4  
  27  2:10  Overlord  
  27  2:11  Drone  
  28  2:22  Hatchery  
  27  2:25  Zergling x2  
  28  2:30  Drone  
  28  2:32  Drone  
  28  2:33  Drone  
  31  2:41  Queen  
  33  2:45  Overlord  
  33  2:50  Drone  
  34  2:55  Metabolic Boost  
  34  2:56  Drone  
  34  2:58  Drone  
  36  3:06  Drone x2  
  36  3:09  Queen  
  36  3:12  Drone  
  41  3:21  Drone x3  
  44  3:28  Overlord  
  44  3:33  Queen  
  46  3:34  Queen  
  46  3:36  Drone  
  46  3:38  Drone  
  46  3:40  Overlord  
  50  3:47  Drone x4  
  54  3:53  Queen  
  56  3:55  Overlord  
  56  4:00  Drone x2  
  58  4:03  Zergling x4  
  58  4:06  Overlord  
  58  4:08  Drone  
  61  4:10  Drone  
  62  4:18  Drone  
  62  4:23  Drone x6  
  69  4:25  Overlord  
  69  4:33  Zergling x4  
  69  4:35  Drone x2  
  69  4:37  Lair  
  73  4:38  Baneling Nest  
  73  4:39  Extractor  
  73  4:42  Drone x3  
  73  4:44  Drone x3  
  77  4:50  Drone x2  
  79  4:53  Spore Crawler  
  79  4:55  Spore Crawler  
  79  4:56  Spore Crawler  
  79  4:58  Drone x3  
  79  5:04  Drone  
  79  5:06  Hatchery  
  79  5:10  Queen  
  81  5:16  Drone  
  81  5:19  Extractor x2  
  81  5:20  Drone x2  
  82  5:21  Overlord x2  
  82  5:24  Pneumatized Carapace  
  82  5:32  Hatchery  
  82  5:33  Evolution Chamber  
  82  5:34  Drone x2, Evolution Chamber  
  82  5:35  Drone  
  82  5:38  Centrifugal Hooks  
  82  5:41  Overseer  
  82  5:43  Drone  
  82  5:45  Drone x5  
  82  5:46  Zergling x2  
  82  5:48  Drone x2  
  91  5:52  Drone x3  
  91  5:57  Drone x2  
  96  6:00  Zerg Ground Armor Level 1, Queen  
  98  6:07  Baneling x2  
  98  6:08  Baneling  
  94  6:11  Drone x3  
  94  6:12  Overseer  
  94  6:14  Baneling  
  94  6:17  Zergling x2  
  94  6:18  Overlord  
  98  6:20  Spore Crawler  
  98  6:23  Drone x3, Zerg Melee Weapons Level 1  
  96  6:28  Drone x2  
  96  6:29  Drone x3  
  96  6:30  Drone x2  
  96  6:32  Zergling x6  
  105  6:40  Zergling x14  
  105  6:42  Baneling  
  105  6:43  Baneling x2  
  105  6:44  Baneling  
  111  6:51  Zergling x8  
  115  6:54  Overlord  
  115  6:57  Zergling x2  
  116  7:04  Overlord  
  116  7:07  Baneling x3  
  116  7:08  Baneling x9  
  116  7:09  Overlord  
  116  7:11  Overlord  
  116  7:12  Overlord  
  116  7:17  Hatchery  
  116  7:22  Zergling x6  
  118  7:32  Zergling x2  
  118  7:33  Zergling x24  
  118  7:35  Zergling x18  
  127  7:38  Zergling x8  
  129  7:44  Spore Crawler  
  129  7:45  Zergling x6  
  124  7:52  Zergling x10  
  124  7:53  Baneling x4  
  124  7:54  Baneling x9  
  129  7:58  Extractor  
  129  8:04  Zergling x12  
  134  8:08  Drone x3  
  137  8:15  Zergling x8  
  137  8:16  Overlord  
  137  8:17  Zerg Ground Armor Level 2  
  137  8:18  Overlord  
  137  8:19  Zerg Melee Weapons Level 2, Overlord x2  
  140  8:24  Zergling x4  
  140  8:25  Baneling x4  
  141  8:33  Zergling x12  
  147  8:37  Infestation Pit, Zergling x16  
  154  8:46  Zergling x8  
  154  8:47  Zergling x4  
  154  8:48  Baneling x3  
  153  9:01  Drone x11  
  156  9:03  Overseer  
  156  9:07  Zergling x8  
  160  9:14  Hive  
  160  9:16  Hydralisk Den, Baneling x8  
  159  9:22  Overseer  
  159  9:24  Zergling x22  
  159  9:25  Zergling x2  
  158  9:33  Zergling x4  
  150  9:41  Drone x13  
  154  9:47  Drone x8  
  154  9:48  Spore Crawler  
  152  9:55  Zergling x10  
  153  10:04  Zergling x14  
  147  10:10  Zergling x12  
  147  10:14  Zergling x2  
  134  10:19  Zergling x14  
  118  10:27  Zergling x8  
  117  10:34  Zergling x2  
  117  10:35  Zergling x2  
  117  10:39  Zergling x8  
  117  10:41  Hatchery  
  118  10:46  Zergling x4  
  118  10:49  Baneling  
Show
View Real Time Build Order
Export as new Build Order

Spirit Terran - Winner!

Build Orders: Gas First Reaper Expand, Hellion Banshee 

Get SALT Encoding   

  12  0:00  SCV  
  13  0:12  SCV  
  14  0:17  Supply Depot  
  14  0:24  SCV  
  15  0:30  Refinery  
  15  0:38  SCV  
  16  0:44  Barracks  
  16  0:50  SCV  
  17  1:03  SCV  
  18  1:15  SCV  
  19  1:31  Reaper, Orbital Command  
  20  1:40  Command Center  
  20  1:49  Supply Depot  
  20  1:57  SCV  
  21  2:03  Marine  
  22  2:10  SCV  
  22  2:13  Factory  
  23  2:22  SCV  
  25  2:25  Barracks Reactor  
  24  2:34  SCV  
  25  2:40  Command Center  
  25  2:46  SCV  
  25  2:47  Refinery  
  26  2:54  Orbital Command  
  26  2:58  SCV  
  27  3:05  Starport  
  27  3:10  Hellion, SCV  
  30  3:18  Hellion, Barracks Tech Lab  
  32  3:23  SCV  
  32  3:25  SCV  
  36  3:34  Hellion  
  36  3:35  SCV  
  36  3:37  SCV  
  36  3:39  Hellion  
  40  3:47  SCV, Barracks Tech Lab  
  41  3:48  Banshee  
  41  3:49  SCV  
  41  3:54  Orbital Command  
  45  3:56  Cloaking Field  
  45  4:01  SCV x2  
  47  4:05  Hellion  
  47  4:07  Hellion  
  51  4:13  Stimpack, SCV, Marine  
  51  4:16  SCV  
  54  4:23  SCV  
  54  4:25  SCV  
  54  4:28  SCV  
  54  4:30  Supply Depot  
  54  4:31  Supply Depot  
  56  4:33  Banshee  
  56  4:35  SCV  
  60  4:40  Factory Reactor  
  60  4:44  Barracks  
  60  4:45  SCV, Barracks  
  61  4:51  SCV, Refinery x2  
  62  4:53  Supply Depot  
  62  4:57  Engineering Bay  
  62  4:58  SCV  
  63  5:03  SCV  
  63  5:05  Engineering Bay  
  63  5:06  Orbital Command  
  64  5:10  SCV, Marine  
  66  5:14  Supply Depot  
  66  5:15  SCV  
  67  5:22  SCV, Starport Reactor  
  67  5:26  Terran Infantry Weapons Level 1  
  67  5:28  SCV  
  69  5:31  Supply Depot  
  69  5:33  Supply Depot, Terran Infantry Armor Level 1  
  69  5:34  SCV x2  
  71  5:39  Marine x3  
  71  5:40  SCV, Siege Tank  
  78  5:45  Marine x2  
  78  5:46  SCV x2  
  82  5:52  SCV  
  82  5:54  Supply Depot  
  82  5:55  Combat Shield  
  82  5:56  Marine  
  82  5:57  Marine  
  82  5:59  SCV  
  82  6:01  SCV  
  82  6:03  Supply Depot, Marine  
  82  6:04  Marine  
  86  6:05  SCV  
  86  6:09  Marine  
  89  6:12  SCV, Siege Tank  
  89  6:13  Bunker  
  89  6:14  Marine  
  89  6:15  Medivac  
  89  6:16  Medivac  
  98  6:18  Marine  
  98  6:19  SCV  
  98  6:22  Marine  
  98  6:24  Marine  
  102  6:27  Marine  
  102  6:30  SCV  
  102  6:32  SCV, Marine  
  106  6:34  Supply Depot  
  106  6:36  Supply Depot, Marine  
  106  6:38  SCV  
  108  6:40  Marine  
  108  6:42  Marine  
  108  6:44  SCV  
  108  6:45  Marine  
  112  6:47  Barracks  
  112  6:48  Barracks  
  112  6:50  Siege Tank, Marine  
  112  6:52  SCV  
  117  6:54  Marine  
  117  6:58  Marine  
  117  6:59  Marine  
  117  7:00  Refinery  
  117  7:01  Supply Depot x2  
  120  7:03  Marine  
  120  7:05  Armory  
  120  7:08  Marine  
  122  7:10  Medivac  
  122  7:14  SCV, Marine  
  126  7:16  Marine  
  126  7:17  Medivac, Marine  
  126  7:20  Marine  
  131  7:23  SCV  
  131  7:25  Marine  
  133  7:31  Marine  
  133  7:34  Marine  
  133  7:36  Barracks Reactor  
  129  7:37  Barracks Reactor  
  129  7:40  Medivac  
  129  7:41  Marine  
  132  7:44  Marine  
  132  7:45  Command Center, Marine  
  132  7:47  Medivac  
  132  7:49  Marine  
  131  7:52  Marine  
  131  7:55  Terran Infantry Weapons Level 2  
  132  7:59  Marine  
  132  8:01  SCV  
  132  8:02  Marine  
  132  8:03  Marine  
  136  8:07  SCV, Marine  
  136  8:10  Medivac, Marine  
  136  8:11  SCV  
  136  8:12  Marine  
  142  8:13  Marine  
  142  8:14  Factory, Marine  
  142  8:16  Marine x2  
  142  8:17  Siege Tank  
  150  8:20  Liberator, Marine  
  150  8:21  Marine  
  150  8:25  Marine  
  156  8:28  Marine  
  156  8:30  Marine  
  156  8:31  SCV  
  157  8:35  Supply Depot  
  157  8:36  Supply Depot  
  157  8:37  Terran Infantry Armor Level 2  
  157  8:39  Marine x4  
  157  8:40  Marine  
  157  8:41  Marine  
  163  8:43  Marine  
  163  8:45  Marine  
  165  8:52  Marine  
  165  8:56  Medivac, Marine  
  165  8:57  Marine x3  
  165  8:58  Marine  
  169  9:03  Marine x3  
  170  9:10  Marine  
  170  9:12  SCV  
  170  9:14  Marine x4  
  170  9:15  Factory Reactor  
  176  9:17  Marine  
  176  9:18  SCV, Barracks x2  
  176  9:20  Barracks  
  176  9:23  Marine x2  
  180  9:24  SCV  
  180  9:25  Marine  
  180  9:29  Marine  
  182  9:33  Widow Mine  
  182  9:34  Planetary Fortress  
  182  9:35  SCV x2  
  176  9:46  Marine  
  176  9:48  Marine x4  
  178  9:54  Medivac, Marine x4  
  178  9:57  Widow Mine x2  
  184  10:04  Marine  
  184  10:05  Widow Mine, Sensor Tower  
  184  10:06  Command Center, Marine  
  187  10:07  Marine  
  187  10:08  SCV  
  187  10:12  Marine  
  187  10:13  SCV  
  186  10:14  Barracks Tech Lab x2  
  186  10:15  SCV  
  186  10:16  Marine  
  186  10:19  Widow Mine x2  
  186  10:20  SCV  
  186  10:21  Medivac  
  193  10:22  Barracks Tech Lab  
  193  10:24  Medivac  
  193  10:26  Widow Mine  
  193  10:30  Marine x3  
  196  10:37  Supply Depot  
  196  10:46  Starport  
  196  10:47  Fusion Core  
  196  10:49  Ghost Academy  

Tags
 
Add a new tag
Caveats
  • Supply blocks, unpowered buildings, or Contaminate may cause inaccurate times.
  • Supply counts are checked every 10 seconds.